[Event "Titled Tuesday Blitz April 4 Early 2023"]
[White "Firouzja, Alireza"]
[Black "Mahdavi, Reza"]
[WhiteFideId "12573981"]
[BlackFideId "12595926"]
[WhiteElo "2904"]
[BlackElo "2357"]
[Result "1-0"]
[Round "04"]
[TimeControl "180+2"]
[Date "2023.04.04"]
[WhiteClock "0:00:41"]
[BlackClock "0:00:44"]

1. d4 Nf6 2. c4 g6 3. Nc3 Bg7 4. e4 d6 5. Nf3 O-O 6. Be2 e5 7. O-O exd4 8. Nxd4 Re8 9. f3 c6 10. Nc2 Na6 11. Kh1 h6 12. Bf4 d5 13. cxd5 cxd5 14. exd5 Nh5 15. Be3 Nb4 16. Bf2 Bxc3 17. bxc3 Nxd5 18. Bc4 Be6 19. Bxd5 Qxd5 20. Bd4 b6 21. Qd2 Kh7 22. Ne3 Qg5 23. Qf2 f5 24. f4 Qe7 25. Rae1 Qf7 26. Re2 Re7 27. Rfe1 Rae8 28. Be5 Nf6 29. Qh4 Ne4 30. Ng4 fxg4 31. Rxe4 Bf5 32. Bg7 1-0


[Site "https://www.chess.com"]

[Event "Titled Tuesday Blitz April 4 Early 2023"]
[White "Milikow, Yoav"]
[Black "Mitrabha, Guha"]
[WhiteFideId "2822237"]
[BlackFideId "5057000"]
[WhiteElo "2410"]
[BlackElo "2507"]
[Result "1-0"]
[Round "04"]
[TimeControl "180+2"]
[Date "2023.04.04"]
[WhiteClock "0:00:07"]
[BlackClock "0:00:47"]

1. d4 Nf6 2. c4 c5 3. d5 g6 4. Nc3 Bg7 5. e4 O-O 6. Be2 e6 7. Nf3 d6 8. O-O a6 9. a4 Re8 10. h3 exd5 11. exd5 Nbd7 12. Bf4 Qc7 13. Qd2 Ne4 14. Nxe4 Rxe4 15. Bd3 Re8 16. Rfe1 Nf6 17. Rxe8+ Nxe8 18. Re1 Bd7 19. b3 Nf6 20. Ng5 Re8 21. Rxe8+ Nxe8 22. Qe2 Qd8 23. Ne4 Bf5 24. Bg5 Qd7 25. g4 Bxe4 26. Qxe4 Nf6 27. Qf4 Ne8 28. Bh4 h6 29. Bg3 Qe7 30. Kf1 Bf8 31. h4 Nf6 32. f3 Nd7 33. Be2 Ne5 34. Qd2 Bg7 35. Kg2 Nd7 36. Bd1 Be5 37. Bf2 Qf6 38. Bc2 Kg7 39. g5 hxg5 40. hxg5 Qf4 41. Qxf4 Bxf4 42. Bh4 Ne5 43. Bg3 Bxg5 44. f4 Ng4 45. Kf3 Bxf4 46. Bxf4 Ne5+ 47. Bxe5+ dxe5 48. Ke4 f6 49. d6 Kf7 50. Kd5 g5 51. Bg6+ Kf8 52. Ke6 Kg7 53. Bf5 g4 54. d7 g3 55. d8=Q Kh6 56. Qxf6+ Kh5 57. Qg6+ Kh4 58. Qg4# 1-0


[Site "https://www.chess.com"]

[Event "Titled Tuesday Blitz April 4 Early 2023"]
[White "Alekseenko, Kirill"]
[Black "Oleksiyenko, Mykhaylo"]
[WhiteFideId "4135539"]
[BlackFideId "4152417"]
[WhiteElo "2683"]
[BlackElo "2551"]
[Result "1-0"]
[Round "04"]
[TimeControl "180+2"]
[Date "2023.04.04"]
[WhiteClock "0:00:15"]
[BlackClock "0:00:03"]

1. d4 d5 2. Nc3 Nf6 3. Bf4 e6 4. Nb5 Na6 5. e3 c6 6. Nc3 Nb8 7. Nf3 Bb4 8. Bd3 b6 9. O-O Bxc3 10. bxc3 Ba6 11. Ne5 Bxd3 12. cxd3 Nfd7 13. e4 O-O 14. Re1 Nxe5 15. Bxe5 Nd7 16. Bg3 Re8 17. h3 h6 18. Qa4 Qc8 19. Rac1 Qb7 20. c4 Rac8 21. Bd6 b5 22. Qb3 Qa6 23. c5 f6 24. Ra1 Qb7 25. a4 a6 26. Re3 b4 27. a5 Qb5 28. Ra4 Kh8 29. Rxb4 Qxa5 30. Rb7 Qa1+ 31. Kh2 Nf8 32. Rf7 Qxd4 33. Qb7 dxe4 34. Rxg7 exd3 35. Bxf8 Qf4+ 36. Reg3 Rxf8 37. Rh7# 1-0


[Site "https://www.chess.com"]

[Event "Titled Tuesday Blitz April 4 Early 2023"]
[White "Korobov, Anton"]
[Black "Zhao, Jun"]
[WhiteFideId "14105730"]
[BlackFideId "8602522"]
[WhiteElo "2638"]
[BlackElo "2547"]
[Result "1-0"]
[Round "04"]
[TimeControl "180+2"]
[Date "2023.04.04"]
[WhiteClock "0:01:32"]
[BlackClock "0:01:06"]

1. d4 Nf6 2. c4 e6 3. Nc3 Bb4 4. e3 d5 5. Bd3 O-O 6. Nf3 c5 7. O-O dxc4 8. Bxc4 cxd4 9. exd4 b6 10. Qe2 Bb7 11. Rd1 Bxc3 12. bxc3 Nbd7 13. Bb3 Qc7 14. c4 Rfe8 15. Bb2 Ng4 16. h3 Ngf6 17. Rac1 Qf4 18. Qe3 Qf5 19. Ne5 Red8 20. Bc2 Be4 21. g4 Nxe5 22. gxf5 Nxc4 23. Qb3 1-0


[Site "https://www.chess.com"]

[Event "Titled Tuesday Blitz April 4 Early 2023"]
[White "Narayanan, Srinath"]
[Black "Van Foreest, Jorden"]
[WhiteFideId "5018420"]
[BlackFideId "1039784"]
[WhiteElo "2438"]
[BlackElo "2633"]
[Result "1-0"]
[Round "04"]
[TimeControl "180+2"]
[Date "2023.04.04"]
[WhiteClock "0:00:13"]
[BlackClock "0:00:13"]

1. Nf3 Nf6 2. c4 c6 3. e3 d5 4. Nc3 g6 5. d4 Bg7 6. h3 O-O 7. Be2 dxc4 8. Bxc4 b5 9. Bd3 a6 10. O-O Bb7 11. a3 c5 12. dxc5 Nfd7 13. Be4 Nxc5 14. Bxb7 Nxb7 15. Qc2 Qc7 16. Bd2 Nd7 17. Rac1 Nb6 18. Nd5 Nxd5 19. Qxc7 Nxc7 20. Rxc7 Nd6 21. b3 Bf6 22. Bb4 Rfd8 23. g4 a5 24. Bc5 a4 25. bxa4 bxa4 26. g5 Bb2 27. Rb1 Nb5 28. Rb7 Bxa3 29. R7xb5 Bxc5 30. Rxc5 a3 31. Ra1 Ra4 32. Ra2 Kg7 33. Rc3 Rda8 34. Kg2 h6 35. h4 hxg5 36. hxg5 R8a7 37. Nd4 R4a5 38. Nf3 R7a6 39. Kf1 Ra7 40. Ke2 Ra8 41. Rc7 Kf8 42. Rb7 Rc8 43. Rb3 Rca8 44. e4 Ra4 45. Ke3 R8a5 46. Nd4 Rxg5 47. Raxa3 Rc4 48. Ra8+ Kg7 49. Ra7 Re5 50. f4 Rh5 51. Rxe7 Rh3+ 52. Nf3 Rc2 53. e5 Rch2 54. Ke4 Re2+ 55. Re3 Ra2 56. Rxf7+ Kh6 57. Rh7+ Kxh7 58. Ng5+ Kg7 59. Rxh3 Ra4+ 60. Kf3 Ra1 61. Rh7+ Kg8 62. Rd7 Rf1+ 63. Ke3 Re1+ 64. Kf2 Ra1 65. e6 Kf8 66. Rf7+ Ke8 67. Rg7 Ra4 68. Kg3 Ra3+ 69. Kg4 Ra1 70. Rxg6 Ra7 71. f5 Ra4+ 72. Kh5 Ra1 73. Rg8+ Ke7 74. Kg6 1-0


[Site "https://www.chess.com"]

[Event "Titled Tuesday Blitz April 4 Early 2023"]
[White "Movahed, Sina"]
[Black "Samunenkov, Ihor"]
[WhiteFideId "42520835"]
[BlackFideId "14187086"]
[WhiteElo "2225"]
[BlackElo "2457"]
[Result "1-0"]
[Round "04"]
[TimeControl "180+2"]
[Date "2023.04.04"]
[WhiteClock "0:00:11"]
[BlackClock "0:00:01"]

1. Nf3 d5 2. g3 c5 3. Bg2 Nc6 4. d4 Nf6 5. O-O e6 6. c4 dxc4 7. Na3 cxd4 8. Nxc4 Bc5 9. a3 a5 10. Qc2 Qe7 11. Bg5 O-O 12. Rac1 h6 13. Bd2 Nd7 14. e3 dxe3 15. Nxe3 b6 16. Rfe1 Bb7 17. Bc3 Qd8 18. Rcd1 Qc7 19. Ng4 Ne7 20. Qd2 Rad8 21. Bxg7 Nf5 22. Nxh6+ Kxg7 23. Nxf5+ exf5 24. Qg5+ Kh7 25. Qxf5+ Kg7 26. Qg4+ Kh6 27. Nh4 Rg8 28. Nf5+ Kh7 29. Qh5# 1-0


[Site "https://www.chess.com"]

[Event "Titled Tuesday Blitz April 4 Early 2023"]
[White "Skvortsov, Andrei"]
[Black "Lenderman, Aleksandr"]
[WhiteFideId "24108600"]
[BlackFideId "2021285"]
[WhiteElo "2259"]
[BlackElo "2607"]
[Result "0-1"]
[Round "04"]
[TimeControl "180+2"]
[Date "2023.04.04"]
[WhiteClock "0:00:09"]
[BlackClock "0:02:10"]

1. e4 d5 2. exd5 Nf6 3. d4 Bg4 4. Be2 Bxe2 5. Nxe2 Qxd5 6. O-O Nc6 7. c3 O-O-O 8. Qb3 e5 9. dxe5 Nxe5 10. Nf4 Qxb3 11. axb3 Bc5 12. Na3 Rhe8 13. Nc2 Neg4 14. Nd4 Bxd4 15. cxd4 a6 16. h3 Nh6 17. g4 Nhg8 18. Be3 Ne7 19. Rac1 Ned5 20. Nxd5 Nxd5 21. Rfe1 Re6 22. Kg2 Rb6 23. Bg5 f6 24. Bd2 Rxb3 25. Rc2 Rd3 26. Re4 Kd7 27. h4 Re8 28. Rxe8 Kxe8 29. Ba5 b6 30. Bc3 Kd7 31. f3 Ne3+ 0-1


[Site "https://www.chess.com"]

[Event "Titled Tuesday Blitz April 4 Early 2023"]
[White "Shuvalova, Polina"]
[Black "Rasulov, Vugar"]
[WhiteFideId "24171760"]
[BlackFideId "13402390"]
[WhiteElo "2281"]
[BlackElo "2509"]
[Result "0-1"]
[Round "04"]
[TimeControl "180+2"]
[Date "2023.04.04"]
[WhiteClock "0:00:01"]
[BlackClock "0:00:15"]

1. e4 c5 2. Nf3 Nc6 3. Bb5 d6 4. O-O Bd7 5. Re1 a6 6. Bxc6 Bxc6 7. d4 cxd4 8. Nxd4 Rc8 9. c4 Nf6 10. Nc3 g6 11. Bg5 Bg7 12. Qd2 Qa5 13. Rad1 O-O 14. Nd5 Qd8 15. Nxf6+ exf6 16. Bh6 Re8 17. Bxg7 Kxg7 18. f3 b5 19. cxb5 axb5 20. Nc2 Bb7 21. Nb4 Rc4 22. a3 Qb6+ 23. Qf2 Qc7 24. Rd2 Rc1 25. Red1 Rc8 26. h3 h5 27. Qd4 Rxd1+ 28. Rxd1 Rd8 29. h4 Ba8 30. Qe3 Rc8 31. Rd3 Qe7 32. Qd4 Rd8 33. Kf2 Rd7 34. Rc3 Rc7 35. Rxc7 Qxc7 36. Qc3 Qb6+ 37. Qe3 Qc7 38. Qd4 Bb7 39. Kg1 Qc1+ 40. Kf2 Qf4 41. g3 Qc1 42. Kg2 Qe1 43. Na2 Bc8 44. Nc3 Be6 45. Qd3 Qc1 46. Qe2 Bc4 47. Qf2 Bd3 48. Kh2 Bc4 49. Kg2 g5 50. Kh2 gxh4 51. gxh4 Kf8 52. Qg3 Qxb2+ 53. Kh1 Qxc3 54. Qxd6+ Kg7 55. Qg3+ Kh7 56. Qf4 Qe1+ 57. Kh2 Qf2+ 58. Kh1 Qd4 59. Qc7 Qd1+ 60. Kg2 Qf1+ 61. Kh2 Qf2+ 62. Kh1 Qxf3+ 63. Kg1 Qg4+ 64. Kf2 Qxh4+ 65. Ke3 Qg5+ 66. Kf2 h4 67. Qd7 Qg3# 0-1


[Site "https://www.chess.com"]

[Event "Titled Tuesday Blitz April 4 Early 2023"]
[White "Rakhmatullaev, Almas"]
[Black "Rozman, Levy"]
[WhiteFideId "14205793"]
[BlackFideId "2039877"]
[WhiteElo "2221"]
[BlackElo "2376"]
[Result "1-0"]
[Round "04"]
[TimeControl "180+2"]
[Date "2023.04.04"]
[WhiteClock "0:01:12"]
[BlackClock "0:01:09"]

1. e4 d5 2. exd5 Nf6 3. Bb5+ Nbd7 4. Nc3 a6 5. Bc4 b5 6. Bb3 Nc5 7. Nf3 Bb7 8. d4 Nxb3 9. axb3 Nxd5 10. O-O e6 11. Ne4 Be7 12. Qe2 O-O 13. Rd1 Nf6 14. Ng3 Qc8 15. c4 Re8 16. h3 c5 17. Be3 cxd4 18. Bxd4 bxc4 19. bxc4 Bxf3 20. Qxf3 Qxc4 21. Rac1 Qb5 22. Bxf6 Bxf6 23. Ne4 Be7 24. Rc7 Qf5 25. Rxe7 Rxe7 26. Nf6+ gxf6 27. Qxa8+ Kg7 28. Rd8 1-0


[Site "https://www.chess.com"]

[Event "Titled Tuesday Blitz April 4 Early 2023"]
[White "Indjic, Aleksandar"]
[Black "Domingo Nunez, Ruben"]
[WhiteFideId "911925"]
[BlackFideId "22245570"]
[WhiteElo "2614"]
[BlackElo "2404"]
[Result "1-0"]
[Round "04"]
[TimeControl "180+2"]
[Date "2023.04.04"]
[WhiteClock "0:01:29"]
[BlackClock "0:00:11"]

1. d4 g6 2. Nc3 Bg7 3. e4 c6 4. Nf3 d5 5. h3 dxe4 6. Nxe4 Nf6 7. Bd3 O-O 8. Nxf6+ exf6 9. O-O a5 10. c3 Na6 11. a4 Nc7 12. Bf4 Nd5 13. Bg3 Be6 14. Re1 Re8 15. Qc2 Bf8 16. Nd2 Bd6 17. Bxd6 Qxd6 18. Ne4 Qd8 19. Nc5 Bc8 20. Bc4 b6 21. Rxe8+ Qxe8 22. Ne4 Qe7 23. Bxd5 cxd5 24. Ng3 h5 25. Qb3 Qd6 26. Re1 Bd7 27. Nf1 Kg7 28. Ne3 Re8 29. Ra1 Be6 30. Qb5 Rc8 31. Re1 Kh7 32. Qe2 Kg7 33. h4 Bd7 34. Qf3 Re8 35. b3 Kf8 36. Kf1 Bc6 37. g3 Re4 38. Ng2 Qe6 39. Qd3 Qh3 40. Kg1 Qf5 41. Re3 Rxe3 42. Qxf5 Re1+ 43. Nxe1 gxf5 44. Nd3 Kg7 45. Nf4 Kh6 46. Kf1 Bb7 47. Ke1 Bc6 48. Kd2 Bb7 49. Kc2 Bc6 50. Kb2 Bb7 51. c4 dxc4 52. bxc4 Bc6 53. Kb3 Bd7 54. d5 Kg7 55. Nxh5+ Kf8 56. Nxf6 Bc8 57. Nh5 Ke7 58. Nf4 Kf6 59. h5 Kg5 60. d6 Bd7 61. Nd5 Bc6 62. Nxb6 Kxh5 63. d7 Bxd7 64. Nxd7 Kg4 65. c5 Kh3 66. c6 1-0


[Site "https://www.chess.com"]

[Event "Titled Tuesday Blitz April 4 Early 2023"]
[White "Ashraf, Artin"]
[Black "Darini, Pouria"]
[WhiteFideId "22514805"]
[BlackFideId "12502200"]
[WhiteElo "2188"]
[BlackElo "2482"]
[Result "1-0"]
[Round "04"]
[TimeControl "180+2"]
[Date "2023.04.04"]
[WhiteClock "0:00:10"]
[BlackClock "0:00:08"]

1. g3 e5 2. Bg2 Nc6 3. c4 h5 4. Nf3 Bc5 5. Nc3 d6 6. d3 a6 7. a3 Ba7 8. Bg5 f6 9. Bd2 Nge7 10. b4 Be6 11. h4 Qd7 12. Rc1 Rb8 13. O-O Nd4 14. a4 Nxf3+ 15. Bxf3 c6 16. Ne4 Bg4 17. Bxg4 hxg4 18. c5 Nf5 19. cxd6 Nxd6 20. Nc5 Bxc5 21. bxc5 Nf5 22. Kg2 Rd8 23. Qb3 e4 24. Bf4 Nd4 25. Qc4 Nxe2 26. Qxe4+ Kf7 27. Qxe2 Rhe8 28. Qa2+ Kg6 29. Bd6 Qf5 30. Qc4 Qf3+ 31. Kg1 Re2 32. Rce1 Rde8 33. h5+ Kh7 34. Rxe2 Rxe2 35. Qf4 Qxd3 36. Qxg4 Qc2 37. Kg2 Qd3 38. Qg6+ Qxg6 39. hxg6+ Kxg6 40. Rb1 Ra2 41. Rxb7 Rxa4 42. Rc7 Kf5 43. Rxc6 g5 44. Rc7 Rc4 45. Ra7 Ra4 46. c6 Ke6 47. c7 Rc4 48. Ra8 Kxd6 49. c8=Q 1-0


[Site "https://www.chess.com"]

[Event "Titled Tuesday Blitz April 4 Early 2023"]
[White "Kozak, Antoni"]
[Black "Durarbayli, Vasif"]
[WhiteFideId "21832030"]
[BlackFideId "13402935"]
[WhiteElo "2470"]
[BlackElo "2551"]
[Result "1/2-1/2"]
[Round "04"]
[TimeControl "180+2"]
[Date "2023.04.04"]
[WhiteClock "0:00:43"]
[BlackClock "0:00:08"]

1. Nf3 c5 2. c4 Nf6 3. g3 b6 4. Bg2 Bb7 5. O-O e6 6. Nc3 Be7 7. d4 cxd4 8. Qxd4 d6 9. Rd1 a6 10. Bg5 Nbd7 11. Rac1 Rc8 12. b3 Qc7 13. Ne1 O-O 14. Ne4 Bxe4 15. Bxe4 h6 16. Bxf6 Nxf6 17. Bg2 Rfd8 18. Nd3 Nd7 19. Nb4 Nb8 20. Qd2 Bg5 21. e3 Be7 22. h4 a5 23. Nc2 Bf6 24. Na3 Qe7 25. Nb5 Rc5 26. Qe2 Na6 27. Rc2 Nc7 28. Nd4 Qe8 29. Rcd2 d5 30. cxd5 Nxd5 31. Bxd5 Rcxd5 32. Nf3 Qc6 33. Rxd5 Rxd5 34. Rxd5 Qxd5 35. e4 Qc5 36. Kg2 b5 37. Qd2 a4 38. bxa4 bxa4 39. Qd7 Qb4 40. Qe8+ Kh7 41. e5 Be7 42. Qxf7 Bc5 43. Qxe6 Qe4 44. h5 Qc2 45. Qg6+ Qxg6 46. hxg6+ Kxg6 47. Nh4+ Kf7 48. f4 Ke6 49. Kf3 g5 50. Ng2 gxf4 51. gxf4 Kd5 52. Ne3+ Kd4 53. Nf5+ Kc3 54. e6 Kb2 55. e7 Bxe7 56. Nxe7 Kxa2 57. f5 a3 58. f6 Kb3 59. f7 a2 60. f8=Q a1=Q 61. Qb8+ Kc2 62. Nd5 Qa3+ 63. Ne3+ Kd3 64. Qb5+ Kd2 65. Qd5+ Qd3 66. Qa2+ Kc3 67. Qa1+ Kb3 68. Qe5 Ka4 69. Qb8 Ka5 70. Qa7+ Kb5 71. Qb7+ Ka5 72. Qa7+ Kb5 73. Kf4 Qd6+ 74. Ke4 Qe6+ 75. Kd3 Qb3+ 76. Kd2 Qb4+ 77. Ke2 Qb2+ 78. Kf1 Qf6+ 79. Ke1 Qc3+ 80. Kf2 Qb2+ 81. Kg1 Qc1+ 82. Kg2 Qc6+ 83. Kg3 Qd6+ 84. Kf3 Qb6 85. Qa2 Qc6+ 86. Nd5 Kc5 87. Ke4 Qe6+ 88. Kf4 Qxd5 89. Qa5+ Kc6 90. Qa8+ Kc5 91. Qa5+ Kc6 92. Qa8+ Kc5 93. Qf8+ Kc4 94. Qc8+ Kd3 95. Qf5+ Qxf5+ 96. Kxf5 Ke3 97. Kg6 Kf4 98. Kxh6 1/2-1/2


[Site "https://www.chess.com"]

[Event "Titled Tuesday Blitz April 4 Early 2023"]
[White "Zakhartsov, Vladimir"]
[Black "Seemann, Jakub"]
[WhiteFideId "4145097"]
[BlackFideId "21874697"]
[WhiteElo "2497"]
[BlackElo "2364"]
[Result "1/2-1/2"]
[Round "04"]
[TimeControl "180+2"]
[Date "2023.04.04"]
[WhiteClock "0:00:05"]
[BlackClock "0:00:04"]

1. e4 c6 2. d4 d5 3. Nc3 dxe4 4. Nxe4 Nf6 5. Nxf6+ exf6 6. c3 Bd6 7. Bd3 O-O 8. Qc2 Re8+ 9. Ne2 h5 10. Bd2 Nd7 11. O-O-O Nf8 12. h3 Be6 13. Kb1 b5 14. Nf4 Bxf4 15. Bxf4 a5 16. g4 a4 17. Be4 Bd5 18. f3 b4 19. cxb4 a3 20. b3 Qb6 21. gxh5 Ne6 22. Be3 Qxb4 23. Rhg1 Rab8 24. h6 Bxb3 25. axb3 Qxb3+ 26. Qxb3 Rxb3+ 27. Ka2 Rxe3 28. hxg7 Nxg7 29. Bxc6 Rb8 30. Rd2 Kf8 31. Rdg2 Rb6 32. d5 Nf5 33. Rg8+ Ke7 34. Re8+ Kd6 35. Rxe3 Nxe3 36. Kxa3 Nc2+ 37. Ka4 Nd4 38. h4 Nxf3 39. Rh1 Rb8 40. h5 Rh8 41. h6 Ne5 42. Kb5 Nxc6 43. dxc6 Rb8+ 44. Kc4 Kxc6 45. Rf1 Kd6 46. Rxf6+ Ke7 47. Ra6 Rh8 48. Kd5 Rh7 49. Ke5 f6+ 50. Rxf6 Ke8 51. Re6+ Kf8 52. Rf6+ Kg8 53. Rg6+ Kh8 54. Ra6 Rf7 55. Re6 Rf1 56. Rg6 Kh7 57. Rd6 Rh1 58. Kf5 Rxh6 59. Rd7+ Kg8 60. Rd5 Ra6 61. Ke5 Kf8 62. Rd6 Rxd6 63. Kxd6 1/2-1/2


[Site "https://www.chess.com"]

[Event "Titled Tuesday Blitz April 4 Early 2023"]
[White "Bachmann, Axel"]
[Black "Belov, Alexei"]
[WhiteFideId "3700488"]
[BlackFideId "4128206"]
[WhiteElo "2605"]
[BlackElo "2623"]
[Result "1-0"]
[Round "04"]
[TimeControl "180+2"]
[Date "2023.04.04"]
[WhiteClock "0:00:29"]
[BlackClock "0:00:02"]

1. Nf3 Nf6 2. c4 e6 3. e3 d5 4. b3 Be7 5. Bb2 O-O 6. Nc3 c5 7. cxd5 exd5 8. d4 Nc6 9. Be2 cxd4 10. Nxd4 Bc5 11. Nxc6 bxc6 12. O-O Qe7 13. Rc1 Bd6 14. Qd4 c5 15. Qh4 a6 16. Bf3 Bb7 17. Rfd1 Rfd8 18. Na4 Ne4 19. Qg4 g6 20. Bxe4 dxe4 21. Nb6 Rab8 22. Nc4 h5 23. Qe2 Bc7 24. Qc2 Rxd1+ 25. Rxd1 Rd8 26. Rc1 Rd3 27. Ba1 f6 28. Nb2 Rd5 29. Na4 Qd6 30. g3 Rd2 31. Qc4+ Kg7 32. Nxc5 Rd1+ 33. Kg2 1-0


[Site "https://www.chess.com"]

[Event "Titled Tuesday Blitz April 4 Early 2023"]
[White "Svane, Rasmus"]
[Black "Real_OceanStorm"]
[WhiteFideId "4657101"]
[WhiteElo "2597"]
[BlackElo "2802"]
[Result "1-0"]
[Round "04"]
[TimeControl "180+2"]
[Date "2023.04.04"]
[WhiteClock "0:01:30"]
[BlackClock "0:01:35"]

1. Nf3 d5 2. g3 Nf6 3. Bg2 Bg4 4. O-O e6 5. h3 Bxf3 6. Bxf3 h5 7. d4 c5 8. c4 cxd4 9. cxd5 Nxd5 10. Qxd4 Nc6 11. Qa4 h4 12. g4 Qb6 13. Nc3 O-O-O 14. Nxd5 exd5 15. Be3 d4 16. Bd2 d3 17. Be3 Bc5 18. Bxc5 Qxc5 19. Rac1 Qb6 20. Bxc6 Rd4 21. Bf3+ Kb8 22. Rc4 Rxc4 23. Qxc4 dxe2 24. Qxe2 Qc7 25. Re1 Rc8 26. Qe5 Qxe5 27. Rxe5 Rc2 28. Re8+ Kc7 29. Re7+ Kd6 30. Rxb7 Rc1+ 31. Kg2 Rc2 32. Rxf7 g5 33. Rxa7 Rxb2 34. a4 Ra2 35. a5 Ra3 36. a6 Kc5 37. Ra8 Ra5 38. a7 Kb6 39. Rb8+ Kxa7 40. Ra8+ Kb6 41. Rxa5 Kxa5 42. Be2 Kb6 43. Kf3 Kc5 44. Ke4 Kd6 45. Kf5 Kd5 46. Kxg5 Ke5 47. Kxh4 Kf6 48. Kg3 Kg7 49. f4 Kh6 50. h4 Kh7 51. g5 Kg7 52. Kg4 Kh8 53. h5 Kh7 54. Bd3+ Kg8 55. f5 Kh8 56. f6 Kg8 57. Kf5 Kf8 58. g6 Kg8 59. h6 Kf8 60. Kg5 Kg8 61. Bc4+ Kf8 62. g7+ Ke8 63. f7+ Kd7 64. f8=Q Kc7 65. g8=Q Kc6 66. h7 Kb6 67. h8=Q Kc6 68. Qhf6+ Kd7 69. Qgg7# 1-0


[Site "https://www.chess.com"]

[Event "Titled Tuesday Blitz April 4 Early 2023"]
[White "Xiong, Jeffery"]
[Black "Gokerkan, Cem Kaan"]
[WhiteFideId "2047640"]
[BlackFideId "6336760"]
[WhiteElo "2726"]
[BlackElo "2365"]
[Result "1/2-1/2"]
[Round "04"]
[TimeControl "180+2"]
[Date "2023.04.04"]
[WhiteClock "0:01:51"]
[BlackClock "0:00:13"]

1. d4 Nf6 2. Nf3 g6 3. Nc3 Bg7 4. e4 O-O 5. e5 Ne8 6. Bc4 d6 7. h3 Nc6 8. Bf4 Bf5 9. O-O dxe5 10. dxe5 Qxd1 11. Rfxd1 Bxc2 12. Rd2 Bf5 13. Rad1 h6 14. Bh2 g5 15. g4 Be6 16. Bxe6 fxe6 17. Kg2 a6 18. Ne4 b6 19. a3 a5 20. Rc1 Rxf3 21. Kxf3 Nxe5+ 22. Bxe5 Bxe5 23. Rc6 Nd6 24. Re2 Nb5 25. Rcc2 Nd4+ 26. Ke3 Nxe2 27. Kxe2 Kf7 28. Nd2 Rd8 29. Nf3 Bf4 30. Rc4 c5 31. h4 e5 32. hxg5 hxg5 33. b4 cxb4 34. axb4 b5 35. Rc5 e4 36. Nxg5+ Bxg5 37. Rxg5 axb4 38. Rxb5 Rd4 39. Ke3 Rc4 40. Rb6 e6 41. g5 Kg6 42. Rxe6+ Kxg5 43. Rxe4 Rxe4+ 44. Kxe4 b3 45. Kd3 b2 46. Kc2 Kf4 47. Kb1 Kf3 48. Kxb2 Kxf2 1/2-1/2


[Site "https://www.chess.com"]

[Event "Titled Tuesday Blitz April 4 Early 2023"]
[White "Papasimakopoulos, Alexandros"]
[Black "Martinez Alcantara, Jose Eduardo"]
[WhiteFideId "4244125"]
[BlackFideId "3805662"]
[WhiteElo "2359"]
[BlackElo "2711"]
[Result "0-1"]
[Round "04"]
[TimeControl "180+2"]
[Date "2023.04.04"]
[WhiteClock "0:00:06"]
[BlackClock "0:00:33"]

1. d4 Nf6 2. c4 e6 3. Nc3 Bb4 4. Qc2 d5 5. cxd5 exd5 6. Bg5 h6 7. Bh4 Nc6 8. e3 g5 9. Bg3 h5 10. Bb5 h4 11. Be5 Rh6 12. h3 Ne4 13. f3 Nd6 14. Bd3 Qe7 15. O-O-O Bxc3 16. Qxc3 Bd7 17. Ne2 Nxe5 18. dxe5 Nf5 19. Kb1 Nxe3 20. Qxc7 Nxd1 21. Rxd1 Rb6 22. Qc3 Rc8 23. Qd4 Qb4 24. Bc2 Rc4 25. a3 Rxd4 26. axb4 Rxd1+ 27. Bxd1 Rxb4 28. Bc2 Ke7 29. Kc1 f6 30. exf6+ Kxf6 31. Nc3 Be6 32. Na2 Rb6 33. Nc3 Ke5 34. Ne2 d4 35. f4+ gxf4 36. Ng1 Bd5 37. Nf3+ Bxf3 38. gxf3 a5 39. b3 Rc6 40. Kd2 Rc3 41. Be4 b5 42. b4 axb4 0-1


[Site "https://www.chess.com"]

[Event "Titled Tuesday Blitz April 4 Early 2023"]
[White "Gholami Orimi, Mahdi"]
[Black "Remizov, Yaroslav"]
[WhiteFideId "12558486"]
[BlackFideId "34134015"]
[WhiteElo "2363"]
[BlackElo "2412"]
[Result "0-1"]
[Round "04"]
[TimeControl "180+2"]
[Date "2023.04.04"]
[WhiteClock "0:00:18"]
[BlackClock "0:00:06"]

1. d4 Nf6 2. Nc3 d5 3. Bf4 a6 4. e3 b5 5. Nf3 e6 6. Bd3 c5 7. dxc5 Bxc5 8. e4 Bb7 9. e5 Nfd7 10. Ne2 Nc6 11. Ng3 Qb6 12. Qe2 h6 13. Nh5 g5 14. Bg3 O-O-O 15. a4 b4 16. c3 a5 17. O-O Kb8 18. Bb5 Na7 19. Bd3 Nc6 20. Rfc1 Ka8 21. Bb5 Na7 22. Nf6 Nb8 23. Nd2 Rc8 24. Nb3 Rhd8 25. Nxc5 Qxc5 26. h4 gxh4 27. Bxh4 d4 28. Bg3 dxc3 29. bxc3 bxc3 30. Ne4 Qd5 31. f3 c2 32. Nd6 Rc3 33. Bf2 Bc6 34. Rxc2 Rxc2 35. Qxc2 Qxe5 36. Rc1 Rxd6 37. Bxa7 Kxa7 38. Qh7 Qd4+ 39. Kh1 Bxb5 40. axb5 Rd7 41. Qc2 Qb6 42. Qc8 Rb7 43. Qh8 Qxb5 44. Qxh6 a4 45. Qe3+ Qb6 46. Qf4 Qb4 47. Rc4 Qb1+ 48. Kh2 Qh7+ 49. Kg3 Qg7+ 50. Kh2 Na6 51. Rxa4 Qh7+ 52. Kg3 Qg6+ 53. Kh2 f6 54. Qd4+ Rb6 55. Qd7+ Rb7 56. Qxe6 Rh7+ 57. Kg1 Qb1+ 58. Kf2 Qc2+ 59. Qe2 Qxa4 60. Qe3+ Kb8 61. Qe8+ Qxe8 0-1


[Site "https://www.chess.com"]

[Event "Titled Tuesday Blitz April 4 Early 2023"]
[White "Schmakel, Sam"]
[Black "Bacrot, Etienne"]
[WhiteFideId "2039311"]
[BlackFideId "605506"]
[WhiteElo "2356"]
[BlackElo "2663"]
[Result "1-0"]
[Round "04"]
[TimeControl "180+2"]
[Date "2023.04.04"]
[WhiteClock "0:00:03"]
[BlackClock "0:00:06"]

1. Nf3 d5 2. g3 e6 3. Bg2 Nf6 4. O-O Be7 5. c4 O-O 6. d4 c6 7. Qc2 b6 8. Rd1 Bb7 9. Bf4 Nbd7 10. Ne5 Nxe5 11. dxe5 Nd7 12. cxd5 cxd5 13. Nc3 g5 14. Bd2 Nxe5 15. Nb5 a6 16. Nd4 Rc8 17. Bc3 b5 18. a3 Qb6 19. e4 Rfd8 20. Qe2 Bf6 21. f4 Ng6 22. e5 Bg7 23. Qg4 gxf4 24. gxf4 Rc4 25. Kh1 Rdc8 26. Rd3 a5 27. f5 Nxe5 28. Qg3 Rxc3 29. f6 Ng6 30. bxc3 Bxf6 31. Rf1 Bg7 32. h4 Qc7 33. Qxc7 Rxc7 34. Nxb5 Rc4 35. Nd6 Rxh4+ 36. Rh3 Bc6 37. Rxf7 Rxh3+ 38. Bxh3 d4+ 39. Kg1 dxc3 40. Bxe6 Bd4+ 41. Kf1 c2 42. Rc7+ Kf8 43. Rxc6 Be5 44. Nf5 Ne7 45. Rxc2 1-0


[Site "https://www.chess.com"]

[Event "Titled Tuesday Blitz April 4 Early 2023"]
[White "Piesik, Piotr"]
[Black "Drygalov, Andrey"]
[WhiteFideId "1136194"]
[BlackFideId "24171735"]
[WhiteElo "2299"]
[BlackElo "2466"]
[Result "1/2-1/2"]
[Round "04"]
[TimeControl "180+2"]
[Date "2023.04.04"]
[WhiteClock "0:00:12"]
[BlackClock "0:00:08"]

1. Nf3 Nf6 2. g3 d5 3. Bg2 Bf5 4. O-O e6 5. c4 Be7 6. cxd5 exd5 7. Qb3 Qc8 8. Nc3 c6 9. d3 O-O 10. Re1 Nbd7 11. e4 dxe4 12. dxe4 Be6 13. Qc2 Nc5 14. b3 Rd8 15. Be3 Bh3 16. Rad1 Rxd1 17. Rxd1 Bxg2 18. Kxg2 Ne6 19. e5 Nd7 20. Ne4 Qc7 21. Qc3 Rd8 22. h4 Nb6 23. Rxd8+ Qxd8 24. Qd2 Nd5 25. Bg5 h6 26. Bxe7 Qxe7 27. Nd6 f6 28. Nf5 Qc5 29. h5 fxe5 30. Nxe5 Nf6 31. Qd6 Qd5+ 32. Qxd5 Nxd5 33. Nd6 Nd8 34. f4 Nb4 35. a4 Nc2 36. Nd7 Nd4 37. b4 Nc2 38. b5 cxb5 39. Nxb5 a6 40. Nd6 Nd4 41. Nc5 b5 42. a5 b4 43. Nxa6 b3 44. Nc4 N8c6 45. Nc5 Nxa5 46. Nb2 Kf7 47. Kf2 Kf6 48. g4 Ne6 49. Ncd3 Ke7 50. Ke3 Kd6 51. Kd2 Kd5 52. Kc3 Ke4 53. g5 Nxf4 54. Nxf4 Kxf4 55. gxh6 gxh6 56. Kb4 Nc6+ 57. Kxb3 Kg5 58. Kc4 Kxh5 59. Kd5 Ne7+ 60. Ke4 Kg4 61. Nd3 h5 62. Nf2+ Kg3 63. Ke3 h4 64. Ke2 Nf5 65. Kf1 Nd4 66. Kg1 Ne2+ 67. Kf1 Nf4 68. Kg1 Kf3 69. Kf1 Ne2 70. Nh1 Ng3+ 71. Kg1 Ne4 72. Kh2 Kg4 73. Kg1 Ng3 74. Kh2 Ne2 75. Nf2+ Kh5 76. Nh3 Kg4 77. Ng1 Nf4 78. Kh1 Ng6 79. Kg2 Kh5 80. Nh3 Ne5 81. Kh2 Kg4 82. Kg2 Nd3 83. Nf2+ Nxf2 84. Kxf2 Kh3 85. Kg1 Kg3 86. Kh1 h3 87. Kg1 Kf3 88. Kh1 Kg4 89. Kh2 Kh4 90. Kh1 Kg3 91. Kg1 h2+ 92. Kh1 Kh3 1/2-1/2


[Site "https://www.chess.com"]